 Dungeon Crawl Stone Soup version 0.24.0-123-gd5b16e6ec5 (webtiles) character file.

Game seed: 6749041240486506841, levelgen mode: deterministic

3103 ReteAZ the Grappler (level 9, 0/79 (80) HPs)
             Began as a Troll Fighter on Dec 16, 2019.
             Was an Elder of Okawaru.
             Slain by a troll (11 damage)
             ... on level 9 of the Dungeon.
             The game lasted 00:11:44 (5388 turns).

ReteAZ the Grappler (Troll Fighter)                 Turns: 5388, Time: 00:11:45

HP:   0/79 (80)     AC:  7    Str: 27      XL:     9   Next: 59%
MP:   10/10         EV:  9    Int:  4      God:    Okawaru [****..]
Gold: 622           SH: 10    Dex: 11 (13) Spells: 8/8 levels left

rFire    . . .     SeeInvis +     - Unarmed
rCold    . . .     Gourm    +   b - +0 shield
rNeg     . . .     Faith    +   o - +0 animal skin
rPois    .         Spirit   .   (helmet restricted)
rElec    .         Reflect  .   q - +0 cloak
rCorr    .         Harm     .   (gloves unavailable)
MR       .....                  (boots unavailable)
Stlth    +.........             r - amulet of faith (curse)
HPRegen  0.63/turn              f - +2 ring of dexterity
MPRegen  0.12/turn              C - ring of see invisible

@: no status effects
A: large, unfitting armour, claws 3, fast metabolism 3, gourmand, regeneration
1, shaggy fur 1, tough skin 3
a: Heroism, Renounce Religion


You were on level 9 of the Dungeon.
You worshipped Okawaru.
Okawaru was greatly pleased with you.
You were completely stuffed.

You visited 2 branches of the dungeon, and saw 10 of its levels.
You also visited: Sewer.

You collected 622 gold pieces.

Inventory:

Missiles
 l - 9 poisoned darts (quivered)
 x - 7 javelins
Armour
 a - a +0 robe
 b - a +0 shield (worn)
 o - a +0 animal skin (worn)
 q - a +0 cloak (worn)
Jewellery
 c - a +3 ring of intelligence
 f - a +2 ring of dexterity (left claw)
 i - an uncursed ring of fire
 j - an uncursed ring of fire
 k - an uncursed ring of magical power
 r - a cursed amulet of faith (around neck)
 t - a +2 ring of intelligence
 C - a ring of see invisible (right claw)
 D - an uncursed ring of ice {unknown}
Wands
 G - a wand of acid (9)
Scrolls
 g - 3 scrolls of remove curse
 h - 6 scrolls of blinking
 n - 4 scrolls of amnesia {unknown}
 p - 11 scrolls of identify {unknown}
 s - 4 scrolls of teleportation
 u - a scroll of enchant armour {unknown}
 v - 4 scrolls of immolation {unknown}
 y - 3 scrolls of magic mapping
 A - a scroll of enchant weapon
 B - a scroll of fog {unknown}
Potions
 e - 3 potions of curing
 m - 3 potions of heal wounds
 w - 2 potions of resistance {unknown}
 z - 5 potions of flight {unknown}
 E - 2 potions of degeneration {unknown}
 H - a potion of ambrosia {unknown}
Comestibles
 d - 15 rations
 F - 5 chunks of flesh


   Skills:
 - Level 2.4 Fighting
 - Level 2.4 Dodging
 + Level 6.6 Shields
 * Level 10.5 Unarmed Combat
 + Level 3.9 Invocations


You had 8 spell levels left.
You didn't know any spells.
Your spell library contained the following spells:

 Spells                   Type           Power        Failure   Level  Hunger
 Gell's Gravitas          Tloc           #.........   96%         3    ####...
 Portal Projectile        Hex/Tloc       #.....       96%         3    ####...
 Force Lance              Conj/Tloc      #.......     100%        4    #####..
 Dispersal                Tloc           #.........   100%        6    #######
 Controlled Blink         Tloc           N/A          100%        8    #######
 Disjunction              Tloc           #.........   100%        8    #######


Dungeon Overview and Level Annotations

Branches:
Dungeon (9/15)             Temple (1/1) D:5           Sewer (visited)
   Lair: D:8-11         Orc: D:9-12

Altars:
Cheibriados
Dithmenos
Elyvilon
Fedhas
Gozag
Hepliaklqana
Kikubaaqudgha
Makhleb
Nemelex Xobeh
Okawaru
Qazlal
Ru
Sif Muna
Trog
Uskayaw
Vehumet
Wu Jian
Yredelemnul
Zin
The Shining One

Shops:
D:4 }


Innate Abilities, Weirdness & Mutations

You are too large for most types of armour.
You have claws for hands.
Your metabolism is lightning-fast.
You like to eat raw meat.
Your natural rate of healing is unusually fast.
You are covered in fur. (AC +1)
You have extremely tough skin. (AC +3)


Message History

You claw the troll!
The troll is lightly wounded.
The centaur shoots an arrow.
The arrow barely misses you. The troll bites you. The troll barely misses you.
The troll completely misses you.
The centaur shoots an arrow.
The arrow hits you but does no damage.
You closely miss the troll.
The troll is moderately wounded.
The centaur shoots an arrow.
The arrow hits you!
You mangle the troll!!
The troll is severely wounded.
The troll bites you but does no damage. The troll claws you. x2
The centaur shoots an arrow.
The arrow hits you.
You barely miss the troll.
The troll is severely wounded.
The troll bites you! You block the troll's attack. x2
The centaur shoots an arrow.
The arrow hits you! You block the centaur's attack. The troll bites you!!
* * * LOW HITPOINT WARNING * * *
The troll claws you but does no damage. The troll claws you!
You die...

#T##### #.(...# #####.#
#######(## ##+#####
#####.....(..#
.......###............#
#...†..##..###........#
#.....<#..## #..Tc....#
#......'.## #.(@.....#
#......### ##########
#.###### #


You could see a troll and a centaur.

Vanquished Creatures
  Prince Ribbit (D:6)
  Sigmund (D:6)
  The ghost of barcode the Magician, an amateur HuWz (D:3)
  Duvessa (D:6)
  A black bear (D:7)
  2 orc warriors
  Purgy (Sewer)
  2 necrophages
  3 sky beasts
  2 ogres
  A big kobold (D:7)
  Blork the orc (D:6)
  A bullfrog (D:7)
  A wyvern zombie (D:6)
  A scorpion (D:5)
  Dowan (D:6)
  A howler monkey (D:9)
  5 crimson imps
  A centaur zombie (D:6)
  A quasit (D:8)
  4 hounds
  3 jellies
  A gnoll shaman (D:8)
  An orc priest (D:8)
  A bullfrog skeleton (D:4)
  4 orc wizards
  8 worker ants
  Robin (D:2)
  6 adders
  7 gnolls
  A howler monkey skeleton (D:4)
  An ooze (D:2)
  2 adder zombies
  A worm (D:3)
  3 dart slugs
  8 leopard geckos
  25 orcs
  3 ball pythons
  7 giant cockroaches
  13 goblins
  15 hobgoblins
  A quokka (D:5)
  6 bats
  10 frilled lizards
  17 kobolds
  A leopard gecko zombie (D:2)
  2 quokka skeletons (D:4)
  11 rats
192 creatures vanquished.

Vanquished Creatures (others)
  4 toadstools (D:3)
4 creatures vanquished.

Grand Total: 196 creatures vanquished

Notes
Turn   | Place    | Note
-------+----------+-------------------------------------------
     0 | D:1      | ReteAZ the Troll Fighter began the quest for the Orb.
     0 | D:1      | Reached XP level 1. HP: 22/22 MP: 0/0
   188 | D:1      | Reached XP level 2. HP: 20/29 MP: 1/1
   462 | D:1      | Reached skill level 3 in Unarmed Combat
   612 | D:2      | Reached XP level 3. HP: 36/36 MP: 1/2
   660 | D:2      | Noticed Robin
   696 | D:2      | Killed Robin
   919 | D:2      | Found a bloodstained altar of Trog.
   926 | D:2      | Reached XP level 4. HP: 44/44 MP: 3/3
   982 | D:2      | Found a shimmering blue altar of Sif Muna.
  1235 | D:2      | Found a basalt altar of Yredelemnul.
  1453 | D:3      | Found a large runed translucent door.
  1453 | D:3      | Found a large runed translucent door.
  1453 | D:3      | Noticed barcode's ghost (amateur HuWz)
  1538 | D:3      | Reached skill level 4 in Unarmed Combat
  1683 | D:3      | Found a faded altar of an unknown god.
  1993 | D:3      | Killed barcode's ghost
  1993 | D:3      | Reached skill level 5 in Unarmed Combat
  1993 | D:3      | Reached XP level 5. HP: 50/50 MP: 4/4
  2117 | D:3      | Found an ornate altar of the Wu Jian Council.
  2219 | D:4      | Reached XP level 6. HP: 37/59 MP: 5/5
  2269 | D:4      | Found Kipeh's Gadget Shop.
  2502 | D:4      | Found a blossoming altar of Fedhas.
  2624 | D:5      | Entered Level 5 of the Dungeon
  2626 | D:5      | Found a staircase to the Ecumenical Temple.
  2630 | D:5      | Reached skill level 6 in Unarmed Combat
  2633 | D:5      | Found a glowing golden altar of the Shining One.
  2669 | Temple   | Entered the Ecumenical Temple
  2725 | D:5      | Found an iron altar of Okawaru.
  2729 | D:5      | Reached XP level 7. HP: 66/66 MP: 6/6
  2736 | D:5      | Became a worshipper of Warmaster Okawaru
  2767 | D:5      | Found a sacrificial altar of Ru.
  2791 | D:5      | Found a glowing drain.
  2819 | Sewer    | Entered a sewer
  2878 | Sewer    | Noticed Purgy
  2885 | Sewer    | Killed Purgy
  3358 | D:6      | Noticed Dowan
  3358 | D:6      | Noticed Blork the orc
  3360 | D:6      | Noticed Duvessa
  3366 | D:6      | Killed Blork the orc
  3366 | D:6      | Reached skill level 7 in Unarmed Combat
  3370 | D:6      | Killed Dowan
  3370 | D:6      | Reached * piety under Okawaru
  3375 | D:6      | Killed Duvessa
  3383 | D:6      | Reached skill level 5 in Shields
  3383 | D:6      | Reached XP level 8. HP: 55/74 MP: 7/7
  3386 | D:6      | Reached ** piety under Okawaru
  3386 | D:6      | Reached skill level 8 in Unarmed Combat
  3688 | D:6      | Noticed Prince Ribbit
  3718 | D:6      | Noticed Sigmund
  3731 | D:6      | Killed Prince Ribbit
  3731 | D:6      | Reached skill level 1 in Invocations
  3738 | D:6      | Killed Sigmund
  3738 | D:6      | Reached skill level 9 in Unarmed Combat
  4052 | D:7      | Reached *** piety under Okawaru
  4066 | D:7      | Reached XP level 9. HP: 58/80 MP: 9/9
  4779 | D:8      | Reached skill level 10 in Unarmed Combat
  4805 | D:8      | Reached **** piety under Okawaru
  5172 | D:8      | Found a radiant altar of Vehumet.
  5370 | D:9      | Noticed a troll
  5388 | D:9      | Slain by a troll

Levels and vault maps discovered:
D:1:      lightli_arrival_boilingwater, layout_basic
D:2:      layout_basic, lemuel_blue_sif_altar, lemuel_round_altar,
          lightli_temple_of_fire, uniq_robin
D:3:      layout_loops_ring, marbit_many_paths, ebering_ghost_disaster_area,
          chequers_ecumenical_altar_simple_redux, minmay_gold_behind_fungi
D:4:      layout_rooms, lemuel_crystal_altar, serial_shops, shop, first_ration,
          serial_bayou_crossing
D:5:      layout_cave_pools, old_standard_altar, overflow_temple_1_default,
          temple_statues, portal_sewer_entry_f, grunt_decor_mini_mirrors,
          nicolae_ru_sacrificial_ziggurat
D:6:      layout_loops_cross, uniq_duvessa, uniq_blork_the_orc, uniq_sigmund,
          uniq_prince_ribbit1
D:7:      layout_basic
D:8:      layout_basic, kennysheep_little_box
D:9:      layout_roguey, nicolae_overflow_hidden_temple, kennysheep_mini,
          dpeg_oklobed_lair, orc_0_dummy, hangedman_fish_farm, bloody_trog
Temple:   minmay_freezing_vapour_temple

Skill      XL: |  1  2  3  4  5  6  7  8  9 |
---------------+----------------------------+-----
Unarmed Combat | 3 5 6 7 9 10 | 10.5
Shields        | 3 4 5 6 |  6.6
Invocations    | 2 3 |  3.9
Fighting       | |  2.4
Dodging        | |  2.4

Action                   |  1- 3 |  4- 6 |  7- 9 || total
-------------------------+-------+-------+-------++-------
Melee: Unarmed           |   124 |   186 |   258 ||   568
Throw: Javelin           |       |       |    11 ||    11
       Dart              |       |       |     4 ||     4
Invok: Heroism           |       |       |     1 ||     1
  Use: Scroll            |       |     6 |       ||     6
       Potion            |       |     1 |     5 ||     6
  Eat: Chunk             |    14 |    13 |    29 ||    56
Armor: Robe              |    33 |       |       ||    33
       Animal skin       |     4 |    42 |    53 ||    99
       Skin              |       |       |    72 ||    72
Dodge: Dodged            |    46 |    55 |    89 ||   190
Block: Shield            |    54 |    77 |   144 ||   275
